 Dungeon Crawl Stone Soup version 0.31-a0-702-gf82c85558f (webtiles) character file.

Game seed: 7968493251637249121

524 qw the Shooter (level 7, 0/43 HPs)
             Began as a Gargoyle Hunter on Sept 8, 2023.
             Slain by Duvessa
             ... wielding a +0 short sword
              (1 damage)
             ... on level 4 of the Dungeon.
             The game lasted 00:01:25 (3013 turns).

qw the Shooter (Gargoyle Hunter)                    Turns: 3013, Time: 00:01:25

Health: 0/43       AC:  9    Str: 14    XL:     7   Next: 22%
Magic:  7/7        EV: 12    Int: 10    God:
Gold:   185        SH:  5    Dex: 15    Spells: 6/6 levels left

rFire   . . .        Y - +0 shortbow
rCold   . . .        (shield currently unavailable)
rNeg    + . .        c - +0 leather armour
rPois   inf          (no helmet)
rElec   +            j - +0 cloak
rCorr   .            (no gloves)
SInv    .            (no boots)
Will    +....        k - amulet of reflection
Stlth   ++           a - ring of willpower
HPRegen 0.27/turn    (no ring)
MPRegen 0.10/turn

%: reflection
@: no status effects
A: sickness immunity, AC +4, negative energy resistance 1, electricity
resistance, torment resistance 1, petrification resistance
a: no special abilities


You were on level 4 of the Dungeon.
You visited 1 branch of the dungeon, and saw 4 of its levels.

You collected 185 gold pieces.


Innate Abilities, Weirdness & Mutations

You are immune to sickness and miasma.
Your stone body is resilient. (AC +4)
You are immune to poison.
You resist negative energy. (rN+)
You are resistant to electric shocks. (rElec)
You are resistant to unholy torment.
You are immune to petrification.


   Skills:
 - Level 4.0 Fighting
 + Level 7.2 Ranged Weapons
 - Level 2.6 Armour
 - Level 2.0 Dodging
 - Level 1.1 Stealth


You had 6 spell levels left.
You didn't know any spells.
Your spell library was empty.

Inventory:

Hand Weapons
 Y - a +0 shortbow (weapon)
Armour
 c - a +0 leather armour (worn)
 j - a +0 cloak (worn)
 l - a +0 ring mail
 n - the +0 pair of gloves "Tutyok" {Dex+4}
   (You found it on level 4 of the Dungeon)

   Dex+4:     It affects your dexterity (+4).
Jewellery
 a - a ring of willpower (left hand)
 e - a ring of ice
 k - an amulet of reflection (around neck)
Scrolls
 f - a scroll of revelation {unknown}
Potions
 b - a potion of enlightenment {unknown}
 d - a potion of mutation {unknown}
 g - a potion of haste {unknown}
 h - a potion of heal wounds {unknown}
 i - 3 potions of curing
 m - a potion of brilliance {unknown}
 o - a potion of resistance {unknown}

Dungeon Overview and Level Annotations

Branches:
Dungeon (4/15)
 Temple: D:4-7

Altars:

Shops:
D:1 [

Annotations:
D:2 1 runed translucent door, Crazy Yiuf
D:4 Dowan, Duvessa


Message History

3002 ||| Stepping ~*~*~tactically~*~*~ (outnumbered).
You shoot an arrow. The arrow closely misses Duvessa.
Duvessa hits you with a +0 short sword.
You shoot an arrow. The arrow hits Duvessa!
Duvessa is moderately wounded.
Duvessa barely misses you.
You shoot an arrow. The arrow hits Duvessa.
Duvessa is heavily wounded.
Duvessa hits you with a +0 short sword. Duvessa hits you with a +0 short sword!
You shoot an arrow. The arrow hits Duvessa.
Duvessa is heavily wounded.
Duvessa hits you with a +0 short sword!
You shoot an arrow. The arrow hits Duvessa.
Duvessa is heavily wounded.
You block Duvessa's attack.
Duvessa zaps a wand.
The puff of flame hits you!
You shoot an arrow. The arrow hits Duvessa.
Duvessa is heavily wounded.
Duvessa zaps a wand.
The puff of flame misses you.
You shoot an arrow. The arrow hits Duvessa.
Duvessa is heavily wounded.
Duvessa says, "Practise, practise, practise!
One day you'll be as good as me." Duvessa hits you but does no damage.
Duvessa hits you with a +0 short sword.
Dowan gestures wildly while chanting.
Dowan blinks!
You shoot an arrow. The arrow barely misses Duvessa.
Duvessa barely misses you. Duvessa hits you but does no damage.
You shoot an arrow. The arrow closely misses Duvessa.
Duvessa hits you with a +0 short sword.
You shoot an arrow. The arrow hits Duvessa.
Duvessa is severely wounded.
Duvessa hits you with a +0 short sword.
Duvessa says, "Where magic fails, the sword succeeds!"
Duvessa hits you but does no damage.
You shoot an arrow.
The arrow hits Duvessa but does no damage.
Duvessa is severely wounded.
Duvessa barely misses you.
Dowan gestures wildly while chanting.
Dowan blinks!
Duvessa hits you with a +0 short sword.
You die...

#.......#
#####..###..#
.......# #..#
.####.## #..######
.###...###.......#
..........#.####.#
####...##.#.# #.#
##.###.#.# #.# #.#
#.#.# #@#
#.###.#.# #e#
#.....[.# #ยค...#
# ####...##
####...e. # #..#.#
#### # #....# #
#.#### # #.# #.#


You could see Duvessa (fast).

Vanquished Creatures
  A phantom (D:4)
  2 scorpions (D:4)
  An orc priest (D:4)
  A hound (D:4)
  Natasha (thrice) (D:4)
  Terence (D:2)
  3 gnolls (D:4)
  6 adders
  An ufetubus (D:4)
  2 dart slugs
  9 orcs
  7 ball pythons
  7 endoplasms
  4 giant cockroaches
  5 goblins
  9 hobgoblins
  3 kobolds
  3 quokkas
  8 bats
  3 frilled lizards (D:1)
  5 rats
84 creatures vanquished.

Notes
Turn   | Place    | Note
-------+----------+-------------------------------------------
     0 | D:1      | qw the Gargoyle Hunter began the quest for the Orb.
     0 | D:1      | Reached XP level 1. HP: 12/12 MP: 1/1
     0 | D:1      | 0 ||| qw: Version: 0.3-a-76-g4403597
     0 | D:1      | 0 ||| qw: Game counter: 949
     0 | D:1      | 0 ||| qw: Melee chars always use a shield: true
     0 | D:1      | 0 ||| qw: God list: Okawaru
     0 | D:1      | 0 ||| qw: Allow faded altars: false
     0 | D:1      | 0 ||| qw: Do Orc after clearing Dungeon:15 true
     0 | D:1      | 0 ||| qw: Do second Lair branch before Depths: true
     0 | D:1      | 0 ||| qw: Lair rune preference: random
     0 | D:1      | 0 ||| qw: Goals: Normal
     0 | D:1      | 0 ||| PLANNING D:1-11
    46 | D:1      | Reached XP level 2. HP: 17/17 MP: 2/2
   482 | D:1      | Found Luodgha's Antique Armour Shoppe.
   490 | D:1      | 490 ||| SHOPLISTING ring mail (112 gold, have 59).
   571 | D:1      | Reached XP level 3. HP: 21/21 MP: 3/3
   604 | D:1      | Reached skill level 5 in Ranged Weapons
   858 | D:1      | 858 ||| DROPPING scarf of invisibility.
   859 | D:1      | 859 ||| READING scroll labelled QENUARO TUITRY.
   862 | D:1      | 862 ||| DROPPING scroll of butterflies.
  1031 | D:2      | Reached skill level 3 in Fighting
  1086 | D:2      | Noticed Terence
  1099 | D:2      | Killed Terence
  1100 | D:2      | Reached XP level 4. HP: 9/28 MP: 4/4
  1220 | D:2      | Found a runed translucent door.
  1221 | D:2      | Noticed Crazy Yiuf
  1533 | D:2      | 1533 ||| UPGRADING to ring of willpower.
  1534 | D:2      | 1534 ||| READING scroll labelled WULIOM XESHRO.
  1535 | D:2      | 1535 ||| READING scroll labelled ITUNNIXTUD.
  1536 | D:2      | 1536 ||| DRINKING 3 fizzy green potions.
  1537 | D:2      | 1537 ||| DRINKING 2 glowing clear potions.
  1538 | D:2      | 1538 ||| DROPPING potion of invisibility.
  1627 | D:3      | 1627 ||| STAIRDANCE
  1631 | D:3      | 1631 ||| STAIRDANCE
  1635 | D:3      | 1635 ||| STAIRDANCE
  1639 | D:3      | 1639 ||| STAIRDANCE
  1643 | D:3      | 1643 ||| STAIRDANCE
  1647 | D:3      | 1647 ||| STAIRDANCE
  1651 | D:3      | 1651 ||| STAIRDANCE
  1655 | D:3      | 1655 ||| STAIRDANCE
  1659 | D:3      | 1659 ||| STAIRDANCE
  1663 | D:3      | 1663 ||| STAIRDANCE
  1667 | D:3      | 1667 ||| STAIRDANCE
  1671 | D:3      | 1671 ||| STAIRDANCE
  1675 | D:3      | 1675 ||| STAIRDANCE
  1679 | D:3      | 1679 ||| STAIRDANCE
  1683 | D:3      | 1683 ||| STAIRDANCE
  1687 | D:3      | 1687 ||| STAIRDANCE
  1691 | D:3      | 1691 ||| STAIRDANCE
  1695 | D:3      | 1695 ||| STAIRDANCE
  1699 | D:3      | 1699 ||| STAIRDANCE
  1703 | D:3      | 1703 ||| STAIRDANCE
  1801 | D:3      | Found a faded altar of an unknown god.
  1926 | D:3      | Reached XP level 5. HP: 32/32 MP: 5/5
  2119 | D:3      | 2119 ||| UPGRADING to +0 cloak.
  2124 | D:3      | 2124 ||| UPGRADING to amulet of reflection.
  2129 | D:3      | 2129 ||| READING scroll labelled WIRROI JITUDEN.
  2130 | D:3      | 2130 ||| READING scroll labelled RIMASMIYTHECS.
  2155 | D:4      | Reached skill level 6 in Ranged Weapons
  2172 | D:4      | Noticed a phantom
  2187 | D:4      | HP: 8/32 [phantom (1)]
  2188 | D:4      | Killed a phantom
  2354 | D:4      | Reached XP level 6. HP: 24/37 MP: 6/6
  2423 | D:4      | Noticed Natasha
  2461 | D:4      | 2461 ||| Stepping ~*~*~tactically~*~*~ (retreating).
  2462 | D:4      | 2462 ||| Stepping ~*~*~tactically~*~*~ (retreating).
  2463 | D:4      | 2463 ||| Stepping ~*~*~tactically~*~*~ (outnumbered).
  2467 | D:4      | Killed Natasha
  2610 | D:4      | Noticed Natasha
  2615 | D:4      | Killed Natasha
  2709 | D:4      | Identified the +0 pair of gloves "Tutyok" {Dex+4}
  2813 | D:4      | Noticed Natasha
  2814 | D:4      | 2814 ||| Stepping ~*~*~tactically~*~*~ (outnumbered).
  2818 | D:4      | 2818 ||| Stepping ~*~*~tactically~*~*~ (outnumbered).
  2823 | D:4      | Reached skill level 7 in Ranged Weapons
  2823 | D:4      | Reached XP level 7. HP: 43/43 MP: 7/7
  2831 | D:4      | Killed Natasha
  2879 | D:4      | 2879 ||| Stepping ~*~*~tactically~*~*~ (outnumbered).
  2880 | D:4      | 2880 ||| Stepping ~*~*~tactically~*~*~ (outnumbered).
  2949 | D:4      | Identified the +3 buckler "Anorotet" {-Tele rPois Str+3
                  | Int+2}
  2997 | D:4      | Noticed Duvessa
  2997 | D:4      | Noticed Dowan
  3000 | D:4      | 3000 ||| Stepping ~*~*~tactically~*~*~ (outnumbered).
  3002 | D:4      | 3002 ||| Stepping ~*~*~tactically~*~*~ (outnumbered).
  3009 | D:4      | HP: 7/43 [Duvessa/+0 short sword (5)]
  3012 | D:4      | HP: 1/43 [Duvessa/+0 short sword (4)]
  3013 | D:4      | Slain by Duvessa

Levels and vault maps discovered:
D:1:      psy_arrival_radial01, layout_basic, serial_shops,
          nicolae_diamond_shop, minivault_25, minivault_23, amethyst_killhole
D:2:      minmay_inner_zag, layout_rooms, uniq_crazy_yiuf_cottage, uniq_terence
D:3:      layout_rooms, shapermc_ecumenical_altar_venn, nrook_campfire
D:4:      layout_loops_ring, minmay_overflow_temple_hex, uniq_duvessa,
          uniq_natasha

Skill      XL: |  1  2  3  4  5  6  7 |
---------------+----------------------+-----
Ranged Weapons | 5 6 7 |  7.2
Fighting       | 3 4 |  4.0
Armour         | 2 |  2.6
Dodging        | 2 |  2.0
Stealth        | |  1.1

Action                     |  1- 3 |  4- 6 |  7- 9 || total
---------------------------+-------+-------+-------++-------
   Fire: Shortbow          |   118 |   170 |    38 ||   326
    Use: Scroll            |     1 |     4 |       ||     5
         Potion            |       |     2 |       ||     2
 Armour: Leather armour    |    31 |    65 |    26 ||   122
  Dodge: Dodged            |    37 |    41 |    22 ||   100
  Block: Other             |       |    12 |     8 ||    20

Table legend:
 A = Non-vault XP
 B = Vault XP
 C = Vault XP percentage of total XP
 D = Non-vault monster count
 E = Vault monster count
 F = Vault count percentage of total count
                 A         B        C        D         E       F
            +---------+---------+-------+---------+---------+-------
      Total |     673 |      76 |  10.1 |      77 |       7 |   8.3
            +---------+---------+-------+---------+---------+-------
        D:1 |      43 |       0 |   0.0 |      26 |       0 |   0.0
        D:2 |      40 |      40 |  50.0 |      16 |       6 |  27.3
        D:3 |      61 |       0 |   0.0 |      12 |       0 |   0.0
        D:4 |     529 |      36 |   6.4 |      23 |       1 |   4.2
            +---------+---------+-------+---------+---------+-------
